 Dungeon Crawl Stone Soup version 0.27-a0-203-gd48b2df3c9 (webtiles) character file.

Game seed: 6579101415361171236

149038 gimp the Thaumaturge (level 16, -9/109 HPs)
             Began as a Demonspawn Earth Elementalist on Jan 30, 2021.
             Was an Initiate of Gozag.
             Mangled by a tarantella (11 damage)
             ... on level 4 of the Spider Nest on Jan 31, 2021.
             The game lasted 02:16:02 (51154 turns).

gimp the Thaumaturge (DsEE)                        Turns: 51154, Time: 02:16:02

Health: -9/109     AC: 11    Str:  9    XL:     16   Next: 95%
Magic:  15/30      EV: 22    Int: 22    God:    Gozag
Gold:   6375       SH:  0    Dex: 15    Spells: 5/42 levels left

rFire    + + .     SeeInvis +   O - staff of poison
rCold    + . .     Faith    .   g - +0 buckler
rNeg     . . .     Spirit   .   J - +2 robe {rC+ rF+}
rPois    +         Reflect  .   (helmet unavailable)
rElec    .         Harm     .   x - +2 cloak {Will+}
rCorr    +         Rampage  .   Y - +0 pair of gloves of Birul {*Contam Regen+ rCorr Stlth+}
Will     ++...                  (no boots)
Stlth    +++.......             w - amulet of regeneration
HPRegen  1.08/turn              V - ring of see invisible
MPRegen  0.22/turn              B - ring of protection from fire

@: confused, mighty, agile, very slightly contaminated, studying Staves
A: horns 3, thin metallic scales 2, low mp 1, powered by death 1, powered by
pain 2
a: Renounce Religion, Potion Petition, Call Merchant, Bribe Branch


You were on level 4 of the Spider Nest.
You worshipped Gozag.
Gozag was greatly pleased with you.
You visited 5 branches of the dungeon, and saw 28 of its levels.
You also visited: Bailey, Gauntlet and Volcano.

You collected 11131 gold pieces.
You spent 4651 gold pieces at shops.
You paid 105 gold pieces to Gozag.

Inventory:

Hand Weapons
 a - a +3 short sword of venom
Missiles
 p - 134 poisoned darts
 U - 10 curare-tipped darts
Armour
 g - a +0 buckler (worn)
 x - a +2 cloak of willpower (worn)
 J - a +2 robe of resistance (worn)
 Y - the +0 pair of gloves of Birul (worn) {*Contam Regen+ rCorr Stlth+}
   (You found it in a Gauntlet)

   It causes magical contamination when unequipped.
   It increases your rate of regeneration.
   It provides partial protection from all sources of acid and corrosion.
   It makes you more stealthy.
Magical Staves
 b - an uncursed staff of earth
 O - an uncursed staff of poison (weapon)
Jewellery
 k - an uncursed ring of flight
 s - an uncursed ring of wizardry
 w - an amulet of regeneration (around neck)
 B - a ring of protection from fire (right hand)
 I - an uncursed ring of resist corrosion
 V - a ring of see invisible (left hand)
 Z - an uncursed ring of positive energy
Wands
 c - a wand of digging (1)
 y - a wand of paralysis (13)
 C - a wand of mindburst (14)
 E - a wand of acid (16)
 P - a wand of iceblast (24)
 S - a wand of flame (21)
Scrolls
 d - 16 scrolls of teleportation
 h - 3 scrolls of amnesia
 i - 2 scrolls of enchant armour
 l - 2 scrolls of fog
 n - 5 scrolls of enchant weapon
 q - a scroll of blinking
 A - 2 scrolls of fear
 G - 6 scrolls of remove curse
 R - 4 scrolls of identify
 T - 3 scrolls of silence
 W - 8 scrolls of magic mapping
Potions
 e - 7 potions of might
 j - 3 potions of lignification
 m - 5 potions of haste
 o - 20 potions of curing
 r - 4 potions of resistance
 t - 5 potions of brilliance
 u - 4 potions of mutation
 v - 6 potions of heal wounds
 z - 3 potions of ambrosia
 D - 8 potions of flight
 H - 4 potions of cancellation
 N - 2 potions of invisibility
 Q - 2 potions of berserk rage
Books
 X - a manual of Staves
Miscellaneous
 f - a tin of tremorstones (1/2)
 K - a condenser vane (inert)
 L - a box of beasts
 M - a lightning rod (4/4)


   Skills:
 - Level 5.0 Fighting
 - Level 10.0 Short Blades
 - Level 6.0 Throwing
 + Level 7.7 Dodging
 - Level 10.0 Stealth
 - Level 4.0 Shields
 + Level 13.5 Spellcasting
 - Level 10.0 Conjurations
 - Level 8.0 Summonings
 - Level 6.0 Transmutations
 + Level 9.4 Fire Magic
 - Level 5.0 Ice Magic
 - Level 9.0 Earth Magic
 - Level 1.5 Evocations


You had 5 spell levels left.
You knew the following spells:

 Your Spells              Type           Power        Failure   Level
a - Bolt of Magma         Conj/Fire/Erth 27%          2%          5
b - Call Canine Familiar  Summ           50%          1%          3
c - Petrify               Tmut/Erth      47%          1%          4
d - Fireball              Conj/Fire      27%          2%          5
e - Lee's Rapid Deconstr  Erth           26%          3%          5
f - Summon Ice Beast      Ice/Summ       43%          3%          4
g - Blink                 Tloc           N/A          6%          2
h - Starburst             Conj/Fire      27%          12%         6
j - Stone Arrow           Conj/Erth      100%         1%          3

Your spell library contained the following spells:

 Spells                   Type           Power        Failure   Level
 Beastly Appendage        Tmut           82%          1%          1
 Freeze                   Ice            100%         1%          1
 Sandblast                Erth           100%         1%          1
 Shock                    Conj/Air       100%         1%          1
 Summon Small Mammal      Summ           100%         1%          1
 Call Imp                 Summ           50%          1%          2
 Passwall                 Tmut/Erth      39%          1%          2
 Wereblood                Tmut           41%          1%          2
 Dazzling Flash           Conj/Hex       72%          1%          3
 Frozen Ramparts          Ice            72%          1%          3
 Ignite Poison            Fire/Tmut/Pois 54%          1%          3
 Ozocubu's Armour         Ice            36%          1%          3
 Static Discharge         Conj/Air       36%          1%          3
 Hailstorm                Conj/Ice       47%          1%          4
 Ensorcelled Hibernation  Hex/Ice        50%          2%          2
 Summon Guardian Golem    Hex/Summ       32%          2%          3
 Spider Form              Tmut/Pois      21%          3%          3
 Animate Skeleton         Necr           28%          4%          1
 Corona                   Hex            15%          4%          1
 Pain                     Necr           56%          4%          1
 Ice Form                 Ice/Tmut       39%          4%          4
 Irradiate                Conj/Tmut      25%          4%          5
 Swiftness                Air            14%          6%          2
 Leda's Liquefaction      Hex/Erth       17%          7%          4
 Summon Lightning Spire   Summ/Air       32%          9%          4
 Blade Hands              Tmut           20%          10%         5
 Confusing Touch          Hex            14%          13%         3
 Gell's Gravitas          Tloc           7%           13%         3
 Lesser Beckoning         Tloc           7%           13%         3
 Teleport Other           Tloc           14%          13%         3
 Tukima's Dance           Hex            14%          13%         3
 Vampiric Draining        Necr           7%           13%         3
 Lightning Bolt           Conj/Air       18%          16%         5
 Yara's Violent Unravell  Hex/Tmut       14%          34%         5
 Airstrike                Air            7%           38%         4
 Animate Dead             Necr           7%           38%         4
 Passage of Golubria      Tloc           N/A          38%         4
 Metabolic Englaciation   Hex/Ice        12%          38%         5
 Agony                    Necr           14%          75%         5
 Iron Shot                Conj/Erth      27%          13%         6
 Statue Form              Tmut/Erth      31%          30%         6
 Hydra Form               Tmut           20%          50%         6
 Freezing Cloud           Conj/Ice/Air   18%          63%         6
 Simulacrum               Ice/Necr       12%          93%         6
 Dragon Form              Tmut           20%          97%         7
 Ozocubu's Refrigeration  Ice            18%          99%         7
 Ignition                 Fire           27%          99%         8
 Shatter                  Erth           26%          100%        9
 Tornado                  Air            7%           100%        9


Dungeon Overview and Level Annotations

Branches:
Dungeon (15/15)            Temple (1/1) D:6            Lair (6/6) D:10
 Shoals (0/4) Lair:2       Spider (4/4) Lair:3        Slime (0/5) Lair:6
    Orc (2/2) D:12            Elf (0/3) Orc:2        Vaults (0/5) D:13
 Depths (0/5) D:15         Bailey (visited)         Volcano (visited)
Gauntlet (visited)

Altars:
Ashenzari
Cheibriados
Dithmenos
Elyvilon
Fedhas
Gozag
Hepliaklqana
Kikubaaqudgha
Makhleb
Nemelex Xobeh
Okawaru
Qazlal
Ru
Sif Muna
Trog
Uskayaw
Vehumet
Wu Jian
Xom
Yredelemnul
Zin
The Shining One

Shops:
D:6 !   D:9 ***   D:13 [   D:14 [(*   D:15 [   Orc:2 =}*[*

Annotations:
D:2 Sigmund
D:9 2 transporters
D:12 2 runed translucent doors, exclusion: orange crystal statue
D:15 Louise
Spider:4 Bai Suzhen, Donald


Innate Abilities, Weirdness & Mutations

You have a pair of large horns on your head.
You are mostly covered in thin metallic scales. (AC +3)
You regenerate a little health from kills.
You sometimes gain power by taking damage.
Your magical capacity is low. (-10% MP)


Message History

The entropy weaver hits you but does no damage. x2
The tarantella bites you!
You are confused.
Donald says, "I don't get what's so special about the number twenty-seven."
The redback misses you. The entropy weaver hits you!
* * * LOW HITPOINT WARNING * * *
You focus on the pain.
You feel very mighty all of a sudden. The entropy weaver hits you!
* * * LOW HITPOINT WARNING * * *
You focus on the pain.
You feel agile all of a sudden. The entropy weaver hits you!
* * * LOW HITPOINT WARNING * * *
The entropy weaver completely misses you.
In your confused state, you trip and fall back down the stairs.
* * * LOW HITPOINT WARNING * * *
The tarantella bites you!
You die...
Your body crumbles into a pile of gold.

....^ .. .^.#.
.##..#..^##.....
..............(..
.......#.#..$....#
#.......#..^...... ....
...........#.#!..# . ..
#...#..#.......#^..
#.s@......#.#...#.
#.^..#sB.........#.. #.
..#.#.ss@#.....#....#...
#..s.s......#..#...^..
.^^#....y$.....#○<...#
.........#s.....#..#.......
. ......#...#..... s.^.....#
..#.#.....B..........#.^....
#...?...##^.....#...@......#


You could see an emperor scorpion, Donald (fast, strong), 2 entropy weavers, a
hornet, a jumping spider, 2 tarantellas and 3 redbacks.

Vanquished Creatures
  Rupert (D:14)
  Roxanne (Spider:1)
  A fire giant (D:14)
  An entropy weaver (Spider:2)
  An ettin (D:15)
  Josephine (D:15)
  A fire dragon (Lair:6)
  A rakshasa (D:14)
  An ogre mage (D:13)
  A hell beast (Gauntlet)
  12 hydras
  2 boulder beetles
  A catoblepas (D:13)
  7 centaur warriors
  A tengu warrior (D:15)
  8 two-headed ogres
  Urug (Lair:6)
  4 orc high priests (Orc:2)
  A hell knight (Volcano)
  Nergalle (D:11)
  9 skeletal warriors
  A salamander mystic (Volcano)
  A deep troll (D:15)
  An unseen horror (D:13)
  2 lindwurms
  8 orb spiders
  4 orc knights
  3 deep elf pyromancers (D:14)
  23 ugly things
  4 oklob plants
  20 wolf spiders
  Pikel (D:6)
  3 manticores
  2 cyclopes
  2 wolf spider zombies
  A deep elf archer (D:15)
  4 salamanders (Volcano)
  3 orc sorcerers
  7 elephants
  A merfolk siren (Lair:2)
  7 black mambas
  2 torpor snails
  4 molten gargoyles
  19 cane toads
  2 gargoyles
  An efreet (D:13)
  12 demonic crawlers
  20 komodo dragons
  4 rime drakes
  2 kobold demonologists
  A yaktaur (D:11)
  A freezing wraith (D:14)
  6 trolls
  3 merfolk (Lair:2)
  9 jumping spiders
  2 hornets
  3 meliai
  Prince Ribbit (D:7)
  11 blink frogs
  3 slime creatures (Lair:6)
  12 dream sheep
  A centaur simulacrum (Gauntlet)
  A meliai zombie (D:12)
  A shadow (D:14)
  23 tarantellas
  44 redbacks
  5 wraiths
  7 wyverns
  44 yaks
  2 fire bats (Volcano)
  5 steam dragons
  8 basilisks
  3 vampire mosquitoes (D:15)
  4 wargs
  2 soldier ants (Gauntlet)
  14 water moccasins
  5 hell hounds (Lair:6)
  4 sky beasts
  5 ice beasts
  23 orc warriors
  A hornet zombie (D:14)
  2 phantoms
  2 black bears
  3 ogres
  7 wolves
  13 centaurs
  A lemure (D:6)
  4 big kobolds
  17 bullfrogs
  A gnoll sergeant (D:7)
  A cane toad simulacrum (Gauntlet)
  3 scorpions
  3 wyvern skeletons
  16 killer bees
  An electric eel (Lair:1)
  10 wights
  6 howler monkeys
  3 quasits
  5 hounds
  7 jellies
  10 lava snakes
  A wyvern simulacrum (Gauntlet)
  4 bullfrog zombies
  3 bullfrog skeletons
  A gnoll shaman (D:9)
  23 orc priests
  4 centaur zombies
  7 iguanas
  7 centaur skeletons
  25 orc wizards
  17 worker ants
  2 killer bee zombies
  A bullfrog simulacrum (Gauntlet)
  A hound skeleton (D:4)
  A hound zombie (D:7)
  A howler monkey zombie (D:10)
  A worker ant zombie (D:11)
  11 adders
  18 gnolls
  2 shadow imps
  3 white imps
  An ufetubus (D:5)
  An adder skeleton (D:9)
  2 worms
  4 dart slugs
  2 leopard geckos
  69 orcs
  9 bats
  7 giant cockroaches
  10 goblins
  5 hobgoblins
  7 jackals
  2 quokkas
  8 frilled lizards
  A jackal skeleton (D:7)
  34 kobolds
  A leopard gecko skeleton (D:6)
  14 rats
900 creatures vanquished.

Vanquished Creatures (collateral kills)
  An orc knight (Bailey)
  A wraith (D:14)
  2 orc warriors (Bailey)
4 creatures vanquished.

Vanquished Creatures (others)
  9 dancing weapons
  An orc warrior (Bailey)
  A bush (Lair:6)
  52 fungi
  58 plants
  14 withered plants (Gauntlet)
135 creatures vanquished.

Grand Total: 1039 creatures vanquished

Notes
Turn   | Place    | Note
-------+----------+-------------------------------------------
     0 | D:1      | gimp the Demonspawn Earth Elementalist began the quest for
                  | the Orb.
     0 | D:1      | Reached XP level 1. HP: 13/13 MP: 3/3
   503 | D:1      | Gained mutation: You are partially covered in thin metallic
                  | scales. (AC +2) [demonic ancestry]
   503 | D:1      | Reached XP level 2. HP: 19/19 MP: 1/5
  1180 | D:2      | Gained mutation: You have a pair of small horns on your
                  | head. [demonic ancestry]
  1180 | D:2      | Reached XP level 3. HP: 24/24 MP: 2/6
  1544 | D:2      | Noticed Sigmund
  1560 | D:2      | Learned a level 3 spell: Stone Arrow
  1669 | D:2      | Noticed a phantom
  1744 | D:2      | Killed a phantom
  1745 | D:2      | Reached skill level 1 in Conjurations
  1745 | D:2      | Reached XP level 4. HP: 11/30 MP: 0/7
  1991 | D:2      | Reached XP level 5. HP: 35/35 MP: 6/8
  2001 | D:2      | Learned a level 4 spell: Petrify
  2011 | D:2      | Found a faded altar of an unknown god.
  3030 | D:3      | Noticed a centaur
  3048 | D:3      | Killed a centaur
  3049 | D:3      | Reached skill level 3 in Spellcasting
  3800 | D:4      | Reached skill level 4 in Spellcasting
  3800 | D:4      | Gained mutation: You have a pair of horns on your head.
                  | [demonic ancestry]
  3800 | D:4      | Reached XP level 6. HP: 39/41 MP: 4/12
  4058 | D:4      | Reached skill level 5 in Spellcasting
  4497 | D:4      | Gained mutation: You have a pair of large horns on your
                  | head. [demonic ancestry]
  4497 | D:4      | Reached XP level 7. HP: 46/46 MP: 10/15
  4660 | D:4      | Reached skill level 1 in Shields
  4883 | D:4      | Reached skill level 6 in Spellcasting
  5167 | D:5      | Entered Level 5 of the Dungeon
  5556 | D:4      | Found an ancient bone altar of Kikubaaqudgha.
  5605 | D:5      | Found a shimmering altar of Xom.
  5688 | D:5      | Gained mutation: You are mostly covered in thin metallic
                  | scales. (AC +3) [demonic ancestry]
  5688 | D:5      | Reached XP level 8. HP: 52/52 MP: 11/18
  5740 | D:5      | Reached skill level 7 in Spellcasting
  6314 | D:5      | Found a glowing silver altar of Zin.
  6414 | D:6      | Found Ujokuor's Distillery.
  6518 | D:6      | Bought a potion of haste for 150 gold pieces
  6518 | D:6      | Bought a potion of curing for 45 gold pieces
  6899 | D:6      | Found a burning altar of Makhleb.
  6904 | D:5      | Reached skill level 8 in Spellcasting
  6941 | D:5      | Reached skill level 1 in Transmutations
  7113 | D:6      | Reached skill level 1 in Fighting
  7327 | D:6      | Found a white marble altar of Elyvilon.
  7327 | D:6      | Noticed Pikel
  7329 | D:6      | Found a staircase to the Ecumenical Temple.
  7360 | Temple   | Entered the Ecumenical Temple
  7434 | Temple   | Became a worshipper of Gozag Ym Sagoz the Greedy
  7477 | D:6      | Killed Pikel
  7478 | D:6      | Reached skill level 5 in Earth Magic
  7478 | D:6      | Reached XP level 9. HP: 61/61 MP: 16/21
  8165 | D:7      | Noticed Prince Ribbit
  8180 | D:7      | Killed Prince Ribbit
  8925 | D:7      | Found a broken altar of Ashenzari.
  8986 | D:7      | Found a glowing golden altar of the Shining One.
  9007 | D:7      | Noticed a troll
  9038 | D:7      | Killed a troll
  9426 | D:8      | Noticed a two-headed ogre
  9630 | D:8      | Found a flagged portal.
  9817 | Bailey   | Entered a bailey
  9823 | Bailey   | Noticed an orc knight
  9823 | Bailey   | Noticed an orc knight
  9836 | Bailey   | Noticed an orc knight
  9957 | Bailey   | Identified the +2 robe of the Sea {rF+}
  9988 | Bailey   | Noticed an orc knight
 10153 | Bailey   | Reached skill level 5 in Conjurations
 10410 | Bailey   | Killed an orc knight
 10411 | Bailey   | Reached XP level 10. HP: 70/70 MP: 9/22
 10914 | Bailey   | Killed an orc knight
 10915 | Bailey   | Reached skill level 5 in Transmutations
 11042 | Bailey   | Killed an orc knight
 11349 | Bailey   | Killed an orc knight
 11350 | Bailey   | Reached skill level 1 in Short Blades
 12510 | D:9      | Learned a level 3 spell: Call Canine Familiar
 12942 | D:9      | Noticed an eight-headed hydra
 13405 | D:9      | Found Kunlut's General Store.
 13413 | D:9      | Bought a scroll of acquirement for 572 gold pieces
 13414 | D:9      | Acquired 1016 gold pieces
 13417 | D:9      | Bought a +2 cloak of willpower for 236 gold pieces
 13417 | D:9      | Bought a condenser vane for 440 gold pieces
 13434 | D:9      | Found a transporter.
 13435 | D:9      | Noticed a deep elf knight
 13703 | D:9      | Killed an eight-headed hydra
 13843 | D:9      | Found a transporter.
 13856 | D:9      | Noticed an orc sorcerer
 13882 | D:9      | Found Yfeemen's General Store.
 13890 | D:9      | Bought a potion of curing for 36 gold pieces
 13890 | D:9      | Bought a box of beasts for 480 gold pieces
 13890 | D:9      | Bought a scroll of teleportation for 36 gold pieces
 13890 | D:9      | Bought a scroll of fear for 42 gold pieces
 13922 | D:9      | Reached XP level 11. HP: 75/75 MP: 19/23
 14116 | D:9      | Found Tuesy's General Store.
 14151 | D:10     | Entered Level 10 of the Dungeon
 14450 | D:10     | Found a staircase to the Lair.
 15842 | D:9      | Bought a book of Fire for 780 gold pieces
 15848 | D:9      | Learned a level 5 spell: Fireball
 15926 | D:11     | Noticed a red ugly thing
 15949 | D:10     | Killed a red ugly thing
 16049 | D:11     | Reached skill level 1 in Summonings
 16110 | D:11     | Noticed a white ugly thing
 16143 | D:11     | Killed a white ugly thing
 16147 | D:11     | Reached skill level 5 in Short Blades
 16147 | D:11     | Reached skill level 5 in Stealth
 16544 | D:11     | Identified the cursed +2 war axe of Hatred {elec, +Fly rC+
                  | Stlth+}
 16546 | D:11     | Noticed Nergalle
 16719 | D:11     | Killed Nergalle
 17265 | D:12     | Found a staircase to the Orcish Mines.
 17637 | D:12     | Noticed a two-headed ogre
 17645 | D:12     | Killed a two-headed ogre
 17650 | D:12     | Noticed a two-headed ogre
 17663 | D:12     | Killed a two-headed ogre
 17742 | D:12     | You fall into a shaft and drop 3 floors!
 17742 | D:15     | Entered Level 15 of the Dungeon
 17756 | D:15     | Found Suxkos's Armour Boutique.
 17779 | D:15     | Gained mutation: You sometimes gain a little power by
                  | taking damage. [demonic ancestry]
 17779 | D:15     | Reached XP level 12. HP: 69/81 MP: 0/24
 17923 | D:14     | Noticed a two-headed ogre
 17933 | D:14     | Killed a two-headed ogre
 17953 | D:14     | Reached skill level 5 in Summonings
 18064 | D:14     | Found Ogyv's Antique Weapon Boutique.
 18068 | D:14     | Noticed a centaur warrior
 18124 | D:14     | Reached skill level 1 in Fire Magic
 18137 | D:14     | Noticed a centaur warrior
 18185 | D:14     | Found Aviuxt's Armour Shoppe.
 18482 | D:12     | Found a runed translucent door.
 18553 | D:12     | Found the +10 tower shield of Ignorance {rN+ Int-4}
 18573 | D:12     | Found a runed translucent door.
 19065 | D:13     | Found Genu's Antique Armour Shoppe.
 19066 | D:13     | Noticed a centaur warrior
 19078 | D:13     | Killed a centaur warrior
 19157 | D:13     | Found a gate to the Vaults.
 19557 | D:13     | Noticed a four-headed hydra
 19668 | D:13     | Noticed a catoblepas
 19849 | Lair:1   | Entered Level 1 of the Lair of Beasts
 20661 | Lair:1   | Noticed an eight-headed hydra
 20670 | Lair:1   | Killed an eight-headed hydra
 21017 | Lair:1   | Reached skill level 5 in Fire Magic
 21396 | Lair:2   | Reached XP level 13. HP: 86/86 MP: 15/25
 21624 | Lair:2   | Found a gate leading to a gauntlet.
 21644 | Gauntlet | Entered a Gauntlet
 21644 | Gauntlet | Found a transporter.
 21654 | Gauntlet | Found a transporter.
 21656 | Gauntlet | Found a transporter.
 21665 | Gauntlet | Found a transporter.
 21680 | Gauntlet | Found a transporter.
 21685 | Gauntlet | Found a transporter.
 21696 | Gauntlet | Noticed an entropy weaver
 21703 | Gauntlet | Found a transporter.
 21720 | Gauntlet | Found a transporter.
 21734 | Gauntlet | Found a transporter.
 21746 | Gauntlet | Found a large runed translucent door.
 21747 | Gauntlet | Found a large runed translucent door.
 21748 | Gauntlet | Found a large runed translucent door.
 21748 | Gauntlet | Found a large runed translucent door.
 21749 | Gauntlet | Found a runed translucent gate.
 21750 | Gauntlet | Found a transporter.
 21750 | Gauntlet | Found a runed translucent gate.
 21751 | Gauntlet | Found a runed translucent gate.
 21751 | Gauntlet | Found a large runed translucent door.
 21751 | Gauntlet | Found a large runed translucent door.
 21751 | Gauntlet | Found a runed translucent door.
 21751 | Gauntlet | Found a runed translucent door.
 21752 | Gauntlet | Found a large runed translucent door.
 21753 | Gauntlet | Found a large runed translucent door.
 21758 | Gauntlet | Found a large runed translucent door.
 21758 | Gauntlet | Found a large runed translucent door.
 21759 | Gauntlet | Found a large runed translucent door.
 21760 | Gauntlet | Found a large runed translucent door.
 21768 | Gauntlet | Found a transporter.
 21769 | Gauntlet | Found a large runed translucent door.
 21769 | Gauntlet | Found a large runed translucent door.
 21770 | Gauntlet | Found a large runed translucent door.
 21771 | Gauntlet | Found a large runed translucent door.
 21773 | Gauntlet | Found a transporter.
 21773 | Gauntlet | Found a transporter.
 21788 | Gauntlet | Found a transporter.
 21813 | Gauntlet | Found a transporter.
 21832 | Gauntlet | Found a transporter.
 21860 | Gauntlet | Found a transporter.
 21875 | Gauntlet | Found a transporter.
 22092 | Gauntlet | Got a pair of smoking gloves
 22104 | Gauntlet | Identified the +0 pair of gloves of Birul {*Contam Regen+
                  | rCorr Stlth+} (You found it in a Gauntlet)
 22145 | Gauntlet | Identified the +7 arbalest "Jellyslayer" {elec, rPois rN+
                  | Int+4 SInv}
 22145 | Gauntlet | Noticed a minotaur
 22225 | Lair:2   | Found a staircase to the Shoals.
 22353 | Lair:2   | Reached skill level 10 in Stealth
 22998 | Lair:2   | Reached skill level 10 in Short Blades
 23806 | Lair:3   | Reached skill level 1 in Evocations
 24530 | Lair:3   | Found a hole to the Spider Nest.
 24761 | Lair:3   | Learned a level 5 spell: Lee's Rapid Deconstruction
 24766 | Lair:3   | Learned a level 4 spell: Summon Ice Beast
 25364 | Lair:4   | Reached skill level 1 in Ice Magic
 26333 | Lair:4   | Reached skill level 9 in Spellcasting
 26758 | Lair:5   | Reached skill level 5 in Dodging
 27687 | Lair:5   | Gained mutation: You sometimes gain power by taking damage.
                  | [demonic ancestry]
 27687 | Lair:5   | Reached XP level 14. HP: 96/96 MP: 20/27
 28035 | Lair:6   | Entered Level 6 of the Lair of Beasts
 28322 | Lair:6   | Reached skill level 5 in Fighting
 28410 | Lair:6   | Noticed Urug
 29378 | Lair:6   | Reached skill level 10 in Spellcasting
 29906 | Lair:6   | Killed Urug
 30324 | Lair:6   | Found a staircase to the Slime Pits.
 31174 | Lair:6   | Found a large runed translucent door.
 31174 | Lair:6   | Found a large runed translucent door.
 31453 | Lair:6   | Reached skill level 11 in Spellcasting
 31687 | Lair:6   | Reached skill level 5 in Ice Magic
 32270 | Orc:1    | Entered Level 1 of the Orcish Mines
 32733 | Orc:2    | Entered Level 2 of the Orcish Mines
 32733 | Orc:2    | Found Bemoulaj's Assorted Antiques.
 32741 | Orc:2    | Reached skill level 1 in Throwing
 32805 | Orc:2    | Found a dark tunnel.
 32931 | Volcano  | Entered a volcano
 33370 | Volcano  | Found a burning altar of Makhleb.
 34183 | Orc:2    | Bought a potion of heal wounds for 105 gold pieces
 34183 | Orc:2    | Bought a scroll of teleportation for 63 gold pieces
 34183 | Orc:2    | Bought a scroll of fear for 73 gold pieces
 34199 | Orc:2    | Found a staircase to the Elven Halls.
 34675 | Orc:2    | Reached XP level 15. HP: 85/103 MP: 12/30
 35164 | Orc:2    | Found Cekhaici's Armour Shoppe.
 35164 | Orc:2    | Found Vimu's Jewellery Emporium.
 35164 | Orc:2    | Found Buxed's General Store.
 35170 | Orc:2    | Found Wuharau's Gadget Emporium.
 35176 | Orc:2    | Bought a potion of heal wounds for 75 gold pieces
 35176 | Orc:2    | Bought a potion of haste for 150 gold pieces
 35176 | Orc:2    | Bought 2 scrolls of fear for 105 gold pieces
 35176 | Orc:2    | Bought a book of Spatial Translocations for 975 gold pieces
 35198 | Orc:2    | Learned a level 2 spell: Blink
 36941 | D:13     | Bought an emerald-encrusted ring mail for 288 gold pieces
 36950 | D:14     | Found Meewugaf's General Store.
 38344 | D:14     | Gained mutation: Your magical capacity is low. (-10% MP) [a
                  | neqoxec]
 38538 | D:14     | Reached skill level 5 in Throwing
 38538 | D:14     | Reached skill level 12 in Spellcasting
 38615 | D:13     | Identified the +0 ring mail "Oxattan" {Int+2} (You bought
                  | it in a shop on level 13 of the Dungeon)
 38889 | D:14     | Found a white marble altar of Elyvilon.
 40498 | D:14     | Noticed Rupert
 40513 | D:14     | Killed Rupert
 40927 | D:14     | Noticed a fire giant
 40935 | D:14     | Killed a fire giant
 40997 | D:15     | Found an opulent altar of Gozag.
 41027 | D:15     | Found a staircase to the Depths.
 41633 | D:15     | Gained mutation: You regenerate a little health from kills.
                  | [demonic ancestry]
 41633 | D:15     | Reached XP level 16. HP: 109/109 MP: 8/29
 41797 | D:15     | Noticed Josephine
 41817 | D:15     | Killed Josephine
 42981 | D:15     | Noticed Louise
 43389 | Spider:1 | Entered Level 1 of the Spider Nest
 43742 | Lair:3   | Learned a level 6 spell: Starburst
 43746 | Lair:3   | Learned a level 3 spell: Ignite Poison
 44888 | Spider:1 | Reached skill level 13 in Spellcasting
 45062 | Spider:1 | Learned a level 5 spell: Bolt of Magma
 45224 | Spider:1 | Noticed Roxanne
 45372 | Spider:1 | Killed Roxanne
 49269 | Spider:3 | Found a runed translucent door.
 50725 | Spider:3 | Reached skill level 10 in Conjurations
 50938 | Spider:4 | Entered Level 4 of the Spider Nest
 50993 | Spider:4 | Noticed Donald
 51062 | Spider:4 | Noticed Bai Suzhen
 51153 | Spider:4 | HP: 2/109 [entropy weaver (8)]
 51154 | Spider:4 | Mangled by a tarantella

Illustrated notes

Levels and vault maps discovered:
D:1:      dpeg_arrival_rooms_with_view, layout_basic, minmay_misc_feat_ornament,
          minmay_distorted
D:2:      layout_basic, chequers_ecumenical_altar_grove, uniq_sigmund
D:3:      layout_basic
D:4:      layout_rooms, nicolae_overflow_hidden_temple, minmay_misc_feat_roman
D:5:      layout_rooms, kennysheep_little_box, lemuel_coloured_pillars_altar
D:6:      layout_rooms, lemuel_round_altar, minmay_temple_entry_trees,
          basic_altar, serial_shops, nicolae_shop_crystal, minivault_19,
          uniq_pikel
D:7:      layout_cave_pools, lemuel_doored_altar, ashenzari_altar_1,
          uniq_prince_ribbit1
D:8:      layout_basic, enter_bailey_3
D:9:      gammafunk_wand_slinger, layout_basic, serial_shops, shop, shop,
          kennysheep_mini
D:10:     layout_roguey, david_lair_generic
D:11:     layout_rooms, lightli_fourway_metalbox, uniq_nergalle
D:12:     layout_roguey, orc_0_dummy, hangedman_decor_lopped,
          chequers_guarded_unrand_ignorance
D:13:     layout_loops_ring, erik_vaults_1, serial_shops,
          nicolae_shop_window_shopping, chequers_hall_statues_wall_a
D:14:     minmay_the_grid_3x2 [minmay_the_grid_tiny_cups,
          minmay_the_grid_minigrid_small_alt, minmay_the_grid_holed_spiral,
          minmay_the_grid_outer_diamond, minmay_the_grid_broken_lines,
          minmay_the_grid_prize_four_corners], layout_long_grid,
          infiniplex_staircase_9_rooms, basic_altar, serial_shops,
          nicolae_shop_overgrown_old_shop, shop_statue, nicolae_shop_crystal,
          wad_dig_loot, uniq_rupert
D:15:     hangedman_depths_entry_civil_slaughter, layout_gridville,
          kennysheep_flooded_box, serial_shops, shop, grunt_gozag_statues,
          uniq_josephine, uniq_louise
Temple:   compressed_dpeg_circular_temple
Lair:1:   layout_cave_pods, cheibrodos_lair_reptile_den, grunt_megastairs_3,
          infiniplex_staircase_pool, serial_bayou_shore_a, lemuel_fruit_fields
Lair:2:   layout_cellular_growth, elwin_shoals_entry_stream,
          gauntlet_entry_generic, grunt_forest_stairs_basic
Lair:3:   layout_hall_layers, spider_nest_entry_rubble,
          minmay_lair_oklob_chamber, infiniplex_staircase_pool_2
Lair:4:   layout_regular_city, lemuel_fruit_fields, lemuel_fruit_tree
Lair:5:   layout_regular_city
Lair:6:   cheibrodos_lair_end_hotspot, layout_long_grid,
          minmay_slime_entry_pillars, uniq_urug
Spider:1: layout_spider_delve, uniq_roxanne
Spider:2: layout_chambers
Spider:3: cheibrodos_spider_deadly_dance
Spider:4: guppyfry_spider_rune, hive_lemuel, uniq_bai_suzhen, uniq_donald
Orc:1:    layout_caves
Orc:2:    st_orc_mages, layout_caves, serial_shops,
          nicolae_shop_overgrown_old_shop, nicolae_volcano_entry_vermiform

Skill      XL: |  1  2  3  4  5  6  7  8  9 10 11 12 13 14 15 16 |
---------------+-------------------------------------------------+-----
Earth Magic    | 3 4 5 6 8 9 |  9.0
Conjurations   | 1 2 3 5 8 10 | 10.0
Spellcasting   | 4 5 6 8 9 11 12 13 | 13.5
Shields        | 2 4 |  4.0
Transmutations | 2 4 6 |  6.0
Fighting       | 2 3 4 5 |  5.0
Dodging        | 3 4 5 6 7 |  7.7
Short Blades   | 3 6 8 10 | 10.0
Stealth        | 3 6 9 10 | 10.0
Summonings     | 4 5 8 |  8.0
Fire Magic     | 5 7 9 |  9.4
Evocations     | 1 |  1.5
Ice Magic      | 2 5 |  5.0
Throwing       | 3 6 |  6.0

Action                   |  1- 3 |  4- 6 |  7- 9 | 10-12 | 13-15 | 16-18 || total
-------------------------+-------+-------+-------+-------+-------+-------++-------
Melee: Unarmed           |     2 |       |       |       |       |       ||     2
       Spear             |    26 |    63 |       |       |       |       ||    89
       Headbutt          |       |     9 |     4 |    28 |    46 |    11 ||    98
       Dagger            |       |       |    27 |    90 |       |       ||   117
       Staff             |       |       |     2 |       |    12 |    12 ||    26
       Short sword       |       |       |       |    44 |   179 |    44 ||   267
 Cast: Sandblast         |    55 |    12 |     8 |     1 |       |       ||    76
       Stone Arrow       |       |    38 |   198 |   354 |   726 |   110 ||  1426
       Petrify           |       |       |     4 |    37 |    51 |    27 ||   119
       Call Canine Famil |       |       |       |     8 |     4 |       ||    12
       Lee's Rapid Decon |       |       |       |       |    66 |    37 ||   103
       Fireball          |       |       |       |       |    20 |     3 ||    23
       Summon Ice Beast  |       |       |       |       |     5 |       ||     5
       Blink             |       |       |       |       |     5 |     4 ||     9
       Bolt of Magma     |       |       |       |       |       |   136 ||   136
Evoke: Wand              |       |       |     8 |    11 |     7 |     4 ||    30
       Tin of tremorston |       |       |       |     2 |     3 |     2 ||     7
       Box of beasts     |       |       |       |     1 |     1 |       ||     2
       Lightning rod     |       |       |       |     5 |       |       ||     5
       Condenser vane    |       |       |       |     1 |     1 |     1 ||     3
  Use: Scroll            |       |     6 |    13 |    13 |    15 |     4 ||    51
       Potion            |       |       |       |     2 |     1 |     1 ||     4
 Stab: Sleeping          |     1 |       |       |     2 |       |       ||     3
       Paralysed         |       |       |     5 |       |       |       ||     5
       Petrified         |       |       |     5 |    73 |    62 |    19 ||   159
       Distracted        |       |       |       |     1 |       |     1 ||     2
       Petrifying        |       |       |       |       |     2 |     1 ||     3
       Confused          |       |       |       |       |       |     3 ||     3
Armor: Robe              |    13 |    15 |     7 |    53 |    96 |    82 ||   266
Dodge: Dodged            |    28 |    54 |    51 |   136 |   322 |   199 ||   790
       Repelled          |       |       |     3 |       |       |       ||     3
Block: Buckler           |       |       |    12 |    55 |   123 |    50 ||   240

Table legend: (Time is in decaauts)
 A = Elapsed time spent in this place.
 B = Non-inter-level travel time spent in this place.
 C = Inter-level travel time spent in this place.
 D = Time resting spent in this place.
 E = Time spent auto-exploring this place.
 F = Levels seen in this place.
 G = Mean time per level.
                   A        B        C        D        E       F      G
               +--------+--------+--------+--------+--------+-----+--------+
         Total |  51096 |  48991 |   2105 |   7521 |  32031 |  31 | 1648.3 |
       Dungeon |  25636 |  24358 |   1278 |   3859 |  16044 |  15 | 1709.1 |
        Temple |     80 |     80 |      0 |      0 |     70 |   1 |   80.0 |
          Lair |  12928 |  12352 |    576 |   1419 |   8561 |   6 | 2154.7 |
   Spider Nest |   6611 |   6470 |    141 |    925 |   4700 |   4 | 1652.8 |
  Orcish Mines |   2832 |   2722 |    110 |    362 |   1682 |   2 | 1416.0 |
        Bailey |   1674 |   1674 |      0 |    716 |    493 |   1 | 1674.0 |
       Volcano |    807 |    807 |      0 |    117 |    454 |   1 |  807.0 |
      Gauntlet |    524 |    524 |      0 |    123 |     26 |   1 |  524.0 |
               +--------+--------+--------+--------+--------+-----+--------+

Top non-repeatable levels by time:
    D:13: 3546 daAuts
  Lair:6: 3096 daAuts
Spider:2: 2778 daAuts
    D:14: 2775 daAuts
  Lair:3: 2660 daAuts
  Lair:5: 2524 daAuts
    D:10: 2150 daAuts
Spider:1: 2030 daAuts
   Orc:2: 1995 daAuts
    D:15: 1880 daAuts
  Lair:2: 1795 daAuts
Spider:3: 1769 daAuts
  Bailey: 1674 daAuts
     D:2: 1670 daAuts
    D:12: 1622 daAuts
